 Dungeon Crawl Stone Soup version 0.25-a0-2-g6559c6c67a (webtiles) character file.

Game seed: 12949506699162160010, levelgen mode: deterministic

9 Heliosone the Insei (level 2, 17/22 HPs)
             Began as a Demonspawn Gladiator on Oct 14, 2019.
             Quit the game on level 1 of the Dungeon.
             The game lasted 00:00:33 (293 turns).

Heliosone the Insei (Demonspawn Gladiator)           Turns: 293, Time: 00:00:34

Health: 17/22      AC:  6    Str: 14    XL:     2   Next: 3%
Magic:  2/2        EV: 13    Int:  9    God:
Gold:   28         SH:  0    Dex: 14    Spells: 1/1 levels left

rFire    . . .     SeeInvis .     - Unarmed
rCold    . . .     Gourm    .   (no shield)
rNeg     . . .     Faith    .   a - +0 leather armour
rPois    .         Spirit   .   b - +0 helmet
rElec    .         Reflect  .   (no cloak)
rCorr    .         Harm     .   (no gloves)
MR       .....                  (no boots)
Stlth    +.........             (no amulet)
HPRegen  0.07/turn              (no ring)
MPRegen  0.08/turn              (no ring)

@: no status effects
A: yellow scales 1
a: no special abilities


You were on level 1 of the Dungeon.
You were not hungry.

You visited 1 branch of the dungeon, and saw 1 of its levels.

You collected 28 gold pieces.

Inventory:

Missiles
 c - 3 throwing nets
 g - 2 javelins (quivered)
Armour
 a - a +0 leather armour (worn)
 b - a +0 helmet (worn)
Scrolls
 e - 2 scrolls of identify {unknown}
 f - a scroll of magic mapping {unknown}
 h - a scroll of enchant armour {unknown}
Comestibles
 d - 2 rations
 i - 2 chunks of flesh


   Skills:
 + Level 2.2 Fighting
 - Level 1.7 Throwing
 + Level 2.9 Dodging
 + Level 2.9 Unarmed Combat


You had one spell level left.
You didn't know any spells.
Your spell library was empty.

Dungeon Overview and Level Annotations

Branches:
Dungeon (1/15)

Altars:


Innate Abilities, Weirdness & Mutations

You are partially covered in yellow scales. (AC +2)


Message History

A hobgoblin is nearby!
You completely miss the hobgoblin. The hobgoblin barely misses you.
You closely miss the hobgoblin. You hit the hobgoblin but do no damage.
The hobgoblin completely misses you.
You hit the hobgoblin but do no damage. The hobgoblin completely misses you.
You hit the hobgoblin.
The hobgoblin is lightly wounded.
The hobgoblin hits you with a +0 club.
You hit the hobgoblin.
The hobgoblin is heavily wounded.
The hobgoblin hits you but does no damage.
You closely miss the hobgoblin.
The hobgoblin is heavily wounded.
The hobgoblin hits you but does no damage.
You hit the hobgoblin.
You kill the hobgoblin!
You have reached level 2!
Your demonic ancestry asserts itself...
Yellow scales grow over part of your body.
Are you sure you want to abandon this character and quit the game? (Confirm with "yes".)

.........#####...##
.#.......#####..##
.####.##........#
#####)#########.#
.........## #.#
....#.....## #.#
...###.....## #.#
..#####.....###.#####
.#.....#........@)..#
###...###.....##.##.....
####.#####.....#.# ###
..........#......#
..^.<....###.....#
#.......#####....#
.#.....#.....#...#
##...###...###..#
####.#####.#####.#


There were no monsters in sight!

Vanquished Creatures
  A dart slug (D:1)
  A leopard gecko (D:1)
  A bat (D:1)
  2 hobgoblins (D:1)
5 creatures vanquished.

Notes
Turn   | Place    | Note
-------+----------+-------------------------------------------
     0 | D:1      | Heliosone the Demonspawn Gladiator began the quest for the
                  | Orb.
     0 | D:1      | Reached XP level 1. HP: 16/16 MP: 1/1
   292 | D:1      | Gained mutation: You are partially covered in yellow
                  | scales. (AC +2) [demonic ancestry]
   292 | D:1      | Reached XP level 2. HP: 17/22 MP: 2/2
   293 | D:1      | Quit the game

Levels and vault maps discovered:
D:1:      onia_arrival_pyramid, layout_loops_cross

Action                   || total
-------------------------++-------
Melee: Unarmed           ||    20
Armor: Leather armour    ||     8
Dodge: Dodged            ||    13

Table legend:
 A = Non-vault XP
 B = Vault XP
 C = Vault XP percentage of total XP
 D = Non-vault monster count
 E = Vault monster count
 F = Vault count percentage of total count
                 A         B        C        D         E       F
            +---------+---------+-------+---------+---------+-------
      Total |      13 |       0 |   0.0 |       5 |       0 |   0.0
            +---------+---------+-------+---------+---------+-------
        D:1 |      13 |       0 |   0.0 |       5 |       0 |   0.0
            +---------+---------+-------+---------+---------+-------
